NWL (28 & UNDER)
SAN DIEGO SMASHERS @ BISMARK BORDER GUARDS
07/19/2025
 
TOP OF THE 1ST
San Diego Smashers batting - Pitching for Bismark Border Guards : RHP Esteban Corona
Pitching: RHP Esteban Corona
Batting: RHB Gustavo Torres 0-0: Fly out, F6 (Line Drive, 6)
Batting: RHB John Nelson 0-0: Called Strike
0-1: Ball
1-1: Called Strike
1-2: Ground out 4-3 (Groundball, 4)
Batting: RHB Marty Hendrickson 0-0: Swinging Strike
0-1: Ball
1-1: Foul Ball, location: 2F
1-2: Ball
2-2: Strikes out swinging
Top of the 1st over - 0 run(s), 0 hit(s), 0 error(s), 0 left on base; San Diego 0 - Bismark 0
BOTTOM OF THE 1ST
Bismark Border Guards batting - Pitching for San Diego Smashers : RHP Dave Jackson
Pitching: RHP Dave Jackson
Batting: RHB Tomás Carranza 0-0: Ball
1-0: Ball
2-0: Called Strike
2-1: Called Strike
2-2: Strikes out looking
Batting: LHB Brian Boone 0-0: Called Strike
0-1: Foul Ball, location: 2F
0-2: Foul Ball, location: 2F
0-2: Ball
1-2: Strikes out swinging
Batting: SHB Glenn Vadnais 0-0: Swinging Strike
0-1: Foul Ball, location: 2F
0-2: Ball
1-2: Strikes out swinging
Bottom of the 1st over - 0 run(s), 0 hit(s), 0 error(s), 0 left on base; San Diego 0 - Bismark 0
TOP OF THE 2ND
San Diego Smashers batting - Pitching for Bismark Border Guards : RHP Esteban Corona
Batting: LHB Ray Bryant 0-0: Ball
1-0: Foul Ball, location: 2F
1-1: Swinging Strike
1-2: Foul Ball, location: 2F
1-2: SINGLE (Groundball, 56D)
Batting: RHB Luis Martínez 0-0: Ball
1-0: SINGLE (Line Drive, 56)
Ray Bryant to second
Batting: RHB Griswold Coleman 0-0: Ball
1-0: Called Strike
1-1: Foul Ball, location: 2F
1-2: Ball
2-2: Ball
3-2: Ground out 6-3 (Groundball, 6M)
Ray Bryant to third
Luis Martínez to second
Batting: RHB John Bryant 0-0: Called Strike
0-1: Foul Ball, location: 2F
0-2: Strikes out swinging
Batting: RHB Armando Colón 0-0: Ball
1-0: Ball
2-0: Foul Ball, location: 2F
2-1: Foul Ball, location: 2F
2-2: Ball
3-2: Strikes out swinging
Top of the 2nd over - 0 run(s), 2 hit(s), 0 error(s), 2 left on base; San Diego 0 - Bismark 0
BOTTOM OF THE 2ND
Bismark Border Guards batting - Pitching for San Diego Smashers : RHP Dave Jackson
Batting: LHB Rusty Herbert 0-0: Called Strike
0-1: Foul Ball, location: 2F
0-2: Ball
1-2: Ball
2-2: Foul Ball, location: 2F
2-2: Ball
3-2: SINGLE (Groundball, 34D)
Batting: RHB Chris Parker 0-0: Ball
1-0: Ball
2-0: Ball
3-0: Called Strike
3-1: Swinging Strike
3-2: Strikes out swinging
Batting: RHB Doug Williams 0-0: Ball
1-0: Fly out, F7 (Flyball, 7LM)
Batting: RHB Alejandro Ramos 0-0: Ball
1-0: Fly out, F2 (Popup, 23F)
Bottom of the 2nd over - 0 run(s), 1 hit(s), 0 error(s), 1 left on base; San Diego 0 - Bismark 0
TOP OF THE 3RD
San Diego Smashers batting - Pitching for Bismark Border Guards : RHP Esteban Corona
Batting: SHB Adrián Nieto 0-0: Ball
1-0: Called Strike
1-1: Ball
2-1: Called Strike
2-2: Reached on error, E3 (Groundball, 3L)
Batting: RHB Gustavo Torres 0-0: Ball
1-0: Ball
2-0: Foul Ball, location: 2F
2-1: Fielders Choice at 2nd, 6-4 (Groundball, 6M)
Batting: RHB John Nelson 0-0: Called Strike
0-1: SINGLE (Line Drive, 6M)
Gustavo Torres to second
Batting: RHB Marty Hendrickson 0-0: Called Strike
0-1: Swinging Strike
0-2: Ball
1-2: Ball
2-2: Ball
3-2: Base on Balls
Gustavo Torres to third
John Nelson to second
Batting: LHB Ray Bryant 0-0: Ball
1-0: Ball
2-0: Ball
3-0: Called Strike
3-1: Foul Ball, location: 2F
3-2: TRIPLE (Flyball, 89XD)
Gustavo Torres scores
John Nelson scores
Marty Hendrickson scores
Batting: RHB Luis Martínez 0-0: Called Strike
0-1: Ball
1-1: SINGLE (Flyball, 8RS)
Ray Bryant scores
Batting: RHB Griswold Coleman 0-0: DOUBLE (Line Drive, 3L)
Luis Martínez to third
Batting: RHB John Bryant 0-0: Called Strike
0-1: Fly out, F8 (Flyball, 8LS)
Batting: RHB Armando Colón 0-0: Ball
1-0: Ball
2-0: 3-RUN HOME RUN (Flyball, 9D), Distance : 388 ft
Batting: SHB Adrián Nieto 0-0: SOLO HOME RUN (Flyball, 8LD), Distance : 423 ft
Batting: RHB Gustavo Torres 0-0: Ball
1-0: Ball
2-0: Called Strike
2-1: Foul Ball, location: 2F
2-2: Strikes out swinging
Top of the 3rd over - 8 run(s), 6 hit(s), 1 error(s), 0 left on base; San Diego 8 - Bismark 0
BOTTOM OF THE 3RD
Bismark Border Guards batting - Pitching for San Diego Smashers : RHP Dave Jackson
Batting: RHB Aaron Holt 0-0: Called Strike
0-1: Ball
1-1: Reached on error, E5 (Groundball, 5S)
Batting: RHB Jeremiah Soto 0-0: Called Strike
0-1: Ball
1-1: Ball
Aaron Holt steals 2nd base
2-1: Ball
3-1: Foul Ball, location: 2F
3-2: Fly out, F8 (Flyball, 8LD)
Runner from 2nd tags up, SAFE at 3rd, no throw
Batting: RHB Tomás Carranza 0-0: Foul Ball, location: 2F
0-1: Called Strike
0-2: Strikes out swinging
Batting: LHB Brian Boone 0-0: SINGLE (Groundball, 34D)
Aaron Holt scores
Batting: SHB Glenn Vadnais 0-0: Called Strike
Brian Boone steals 2nd base
0-1: Foul Ball, location: 2F
0-2: Ball
1-2: Foul Ball, location: 2F
1-2: Ball
2-2: Fly out, F8 (Flyball, 8RD)
Bottom of the 3rd over - 1 run(s), 1 hit(s), 1 error(s), 1 left on base; San Diego 8 - Bismark 1
TOP OF THE 4TH
San Diego Smashers batting - Pitching for Bismark Border Guards : RHP Esteban Corona
Batting: RHB John Nelson 0-0: Ball
1-0: Ball
2-0: Called Strike
2-1: Foul Ball, location: 2F
2-2: Foul Ball, location: 2F
2-2: SINGLE (Groundball, 34)
Batting: RHB Marty Hendrickson 0-0: SINGLE (Groundball, 56D)
John Nelson to second
Batting: LHB Ray Bryant 0-0: Ball
1-0: 3-RUN HOME RUN (Flyball, 9D), Distance : 374 ft
Pitching: RHP Beau Murphy
Batting: RHB Luis Martínez 0-0: Ball
1-0: Foul Ball, location: 2F
1-1: Called Strike
1-2: Ball
2-2: DOUBLE (Flyball, 78D)
Batting: RHB Griswold Coleman 0-0: Foul Ball, location: 2F
0-1: Reached on error, E6 (Groundball, 6)
Luis Martínez scores
Batting: RHB John Bryant 0-0: Called Strike
0-1: Ball
1-1: Ball
2-1: Foul Ball, location: 2F
2-2: SINGLE (Groundball, 6MD)
Griswold Coleman to third
Batting: RHB Armando Colón 0-0: Ball
1-0: Called Strike
1-1: Ball
2-1: Swinging Strike
2-2: Grounds into double play, 6-4-3 (Groundball, 6M)
Griswold Coleman scores
Batting: SHB Adrián Nieto 0-0: Foul Ball, location: 2F
0-1: Swinging Strike
0-2: Ball
1-2: Ball
2-2: SINGLE (Flyball, 8RS)
Batting: RHB Gustavo Torres 0-0: Ball
1-0: Fielders Choice at 2nd, U6 (Groundball, 6M)
Top of the 4th over - 5 run(s), 6 hit(s), 1 error(s), 1 left on base; San Diego 13 - Bismark 1
BOTTOM OF THE 4TH
Bismark Border Guards batting - Pitching for San Diego Smashers : RHP Dave Jackson
Batting: LHB Rusty Herbert 0-0: Swinging Strike
0-1: Ball
1-1: Ball
2-1: Swinging Strike
2-2: Reached on error, E6 (Groundball, 6)
Batting: RHB Chris Parker 0-0: Ball
1-0: Ball
2-0: Called Strike
2-1: Ball
3-1: Called Strike
3-2: Strikes out swinging
Batting: RHB Doug Williams 0-0: DOUBLE (Flyball, 78D)
Rusty Herbert scores
Batting: RHB Alejandro Ramos 0-0: Called Strike
0-1: Ball
1-1: DOUBLE (Line Drive, 7M)
Doug Williams scores
Batting: RHB Aaron Holt 0-0: Ball
1-0: Swinging Strike
1-1: Ball
2-1: Foul Ball, location: 2F
2-2: Strikes out looking
Batting: RHB Jeremiah Soto 0-0: Called Strike
0-1: Ball
1-1: Ball
2-1: Fly out, F8 (Flyball, 8RM)
Bottom of the 4th over - 2 run(s), 2 hit(s), 1 error(s), 1 left on base; San Diego 13 - Bismark 3
TOP OF THE 5TH
San Diego Smashers batting - Pitching for Bismark Border Guards : RHP Beau Murphy
Batting: RHB John Nelson 0-0: Fly out, F8 (Flyball, 8LS)
Batting: RHB Marty Hendrickson 0-0: Called Strike
0-1: Swinging Strike
0-2: Foul Ball, location: 2F
0-2: DOUBLE (Line Drive, 89D)
Batting: LHB Ray Bryant 0-0: Ball
1-0: Foul Ball, location: 2F
1-1: Foul Ball, location: 2F
1-2: SINGLE (Groundball, 5D)
Marty Hendrickson to third
Batting: RHB Luis Martínez 0-0: Ball
1-0: Grounds into double play, 6-4-3 (Groundball, 6)
Top of the 5th over - 0 run(s), 2 hit(s), 0 error(s), 1 left on base; San Diego 13 - Bismark 3
BOTTOM OF THE 5TH
Bismark Border Guards batting - Pitching for San Diego Smashers : RHP Dave Jackson
Batting: RHB Tomás Carranza 0-0: Called Strike
0-1: Swinging Strike
0-2: Foul Ball, location: 2F
0-2: Foul Ball, location: 2F
0-2: Ball
1-2: Ball
2-2: Ball
3-2: Base on Balls
Pitching: RHP Jody Clemente
Batting: LHB Brian Boone 0-0: Fielders Choice at 2nd, 6-4 (Groundball, 6)
Batting: SHB Glenn Vadnais 0-0: Ball
Brian Boone steals 2nd base
1-0: Foul Ball, location: 2F
1-1: Called Strike
1-2: Foul Ball, location: 2F
1-2: Foul Ball, location: 2F
1-2: 2-RUN HOME RUN (Flyball, 9D), Distance : 386 ft
Batting: LHB Rusty Herbert 0-0: SINGLE (Groundball, 56D)
Batting: RHB Chris Parker 0-0: Ball
1-0: Called Strike
1-1: Swinging Strike
1-2: Strikes out swinging
Batting: RHB Doug Williams 0-0: Ball
1-0: Foul Ball, location: 2F
1-1: Ball
2-1: Fly out, F7 (Flyball, 7M)
Bottom of the 5th over - 2 run(s), 2 hit(s), 0 error(s), 1 left on base; San Diego 13 - Bismark 5
TOP OF THE 6TH
San Diego Smashers batting - Pitching for Bismark Border Guards : RHP Beau Murphy
Batting: RHB Griswold Coleman 0-0: Ball
1-0: Foul Ball, location: 2F
1-1: Fly out, F7 (Flyball, 78S)
Batting: RHB John Bryant 0-0: Ball
1-0: Swinging Strike
1-1: Ball
2-1: Called Strike
2-2: Strikes out swinging
Batting: RHB Armando Colón 0-0: Ball
1-0: Ball
2-0: Ball
3-0: Called Strike
3-1: DOUBLE (Line Drive, 7LS)
Batting: SHB Adrián Nieto 0-0: Called Strike
0-1: Ball
1-1: Foul Ball, location: 2F
1-2: Foul Ball, location: 2F
1-2: Ball
2-2: Fly out, F6 (Popup, 6D)
Top of the 6th over - 0 run(s), 1 hit(s), 0 error(s), 1 left on base; San Diego 13 - Bismark 5
BOTTOM OF THE 6TH
Bismark Border Guards batting - Pitching for San Diego Smashers : RHP Jody Clemente
Batting: RHB Alejandro Ramos 0-0: DOUBLE (Groundball, 3L)
Batting: RHB Aaron Holt 0-0: Ball
1-0: Fly out, F7 (Flyball, 78S)
Batting: RHB Jeremiah Soto 0-0: Foul Ball, location: 2F
0-1: Ball
1-1: Called Strike
1-2: Fly out, F8 (Line Drive, 8LS)
Batting: RHB Tomás Carranza 0-0: Foul Ball, location: 2F
0-1: Foul Ball, location: 2F
0-2: Ball
1-2: Ball
2-2: SINGLE (Line Drive, 4D)
Alejandro Ramos to third
Runner from 3rd tries for Home, SAFE, no throw or cutoff
Batting: LHB Brian Boone 0-0: Called Strike
0-1: Ball
1-1: Called Strike
1-2: Ball
2-2: Strikes out swinging
Bottom of the 6th over - 1 run(s), 2 hit(s), 0 error(s), 1 left on base; San Diego 13 - Bismark 6
TOP OF THE 7TH
San Diego Smashers batting - Pitching for Bismark Border Guards : RHP Beau Murphy
Batting: RHB Gustavo Torres 0-0: Called Strike
0-1: Foul Ball, location: 2F
0-2: Ball
1-2: Strikes out swinging
Batting: RHB John Nelson 0-0: SINGLE (Line Drive, 89M)
Batting: RHB Marty Hendrickson 0-0: Ball
1-0: Ball
2-0: Ball
3-0: Base on Balls
John Nelson to second
Batting: LHB Ray Bryant 0-0: Called Strike
0-1: Ball
1-1: Called Strike
1-2: Fielders Choice at 2nd, 4-6 (Groundball, 34)
John Nelson to third
Batting: RHB Luis Martínez 0-0: Foul Ball, location: 2F
0-1: Ball
1-1: Foul Ball, location: 2F
1-2: Strikes out swinging
Top of the 7th over - 0 run(s), 1 hit(s), 0 error(s), 2 left on base; San Diego 13 - Bismark 6
BOTTOM OF THE 7TH
Bismark Border Guards batting - Pitching for San Diego Smashers : RHP Jody Clemente
Pitching: LHP Júlio Castillo
Batting: SHB Glenn Vadnais 0-0: Fly out, F9 (Line Drive, 9M)
Batting: LHB Rusty Herbert 0-0: Called Strike
0-1: Called Strike
0-2: Ball
1-2: Ground out 1-3 (Groundball, 15)
Batting: RHB Chris Parker 0-0: Ball
1-0: Ball
2-0: Foul Ball, location: 2F
2-1: Swinging Strike
2-2: Foul Ball, location: 2F
2-2: Ball
3-2: Base on Balls
Batting: RHB Doug Williams 0-0: Ball
1-0: Ball
2-0: Called Strike
2-1: Ground out 1-3 (Groundball, 15)
Bottom of the 7th over - 0 run(s), 0 hit(s), 0 error(s), 1 left on base; San Diego 13 - Bismark 6
TOP OF THE 8TH
San Diego Smashers batting - Pitching for Bismark Border Guards : RHP Beau Murphy
Batting: RHB Griswold Coleman 0-0: Ball
1-0: Ball
2-0: Called Strike
2-1: Foul Ball, location: 2F
2-2: Ground out 4-3 (Groundball, 4)
Batting: RHB John Bryant 0-0: Ball
1-0: Ball
2-0: Ball
3-0: Base on Balls
Batting: RHB Armando Colón 0-0: Ball
1-0: Swinging Strike
1-1: Ball
2-1: Foul Ball, location: 2F
2-2: Ball
3-2: Strikes out looking
Pitching: RHP Nathan Walters
Batting: SHB Adrián Nieto 0-0: Ground out 5-3 (Groundball, 56)
Top of the 8th over - 0 run(s), 0 hit(s), 0 error(s), 1 left on base; San Diego 13 - Bismark 6
BOTTOM OF THE 8TH
Bismark Border Guards batting - Pitching for San Diego Smashers : LHP Júlio Castillo
Batting: RHB Alejandro Ramos 0-0: Ground out 5-3 (Groundball, 56S)
Batting: RHB Aaron Holt 0-0: Ball
1-0: Called Strike
1-1: Ball
2-1: Ball
3-1: Base on Balls
Batting: RHB Jeremiah Soto 0-0: Ball
1-0: Ball
2-0: SINGLE (Line Drive, 34)
Aaron Holt to second
Batting: RHB Tomás Carranza 0-0: Called Strike
0-1: Ball
1-1: Foul Ball, location: 2F
1-2: Ball
2-2: Ball
3-2: Base on Balls
Aaron Holt to third
Jeremiah Soto to second
Batting: LHB Brian Boone 0-0: Ball
1-0: Grounds into fielders choice 1-2 (Groundball, 23)
Jeremiah Soto to third
Tomás Carranza to second
Batting: SHB Glenn Vadnais 0-0: SINGLE (Groundball, 13) (infield hit)
Jeremiah Soto scores
Tomás Carranza to third
Brian Boone to second
Batting: LHB Rusty Herbert 0-0: Ball
1-0: Ball
2-0: SINGLE (Groundball, 34D) (infield hit)
Tomás Carranza scores
Brian Boone to third
Glenn Vadnais to second
Pitching: RHP Duane Carlson
Batting: RHB Chris Parker 0-0: Ball
1-0: Called Strike
1-1: Called Strike
1-2: Ground out 5-3 (Groundball, 5S)
Bottom of the 8th over - 2 run(s), 3 hit(s), 0 error(s), 3 left on base; San Diego 13 - Bismark 8
TOP OF THE 9TH
San Diego Smashers batting - Pitching for Bismark Border Guards : RHP Nathan Walters
Batting: RHB Gustavo Torres 0-0: Called Strike
0-1: Ball
1-1: Ball
2-1: Swinging Strike
2-2: Strikes out swinging
Batting: RHB John Nelson 0-0: Foul Ball, location: 2F
0-1: Ball
1-1: Foul Ball, location: 2F
1-2: Strikes out looking
Batting: RHB Marty Hendrickson 0-0: Called Strike
0-1: Ball
1-1: Ball
2-1: Called Strike
2-2: Ball
3-2: Base on Balls
Batting: LHB Ray Bryant 0-0: Called Strike
0-1: Ball
1-1: Ball
2-1: Ball
3-1: Base on Balls
Marty Hendrickson to second
Batting: RHB Luis Martínez 0-0: Swinging Strike
0-1: Ball
1-1: Called Strike
1-2: Foul Ball, location: 2F
1-2: Strikes out swinging
Top of the 9th over - 0 run(s), 0 hit(s), 0 error(s), 2 left on base; San Diego 13 - Bismark 8
BOTTOM OF THE 9TH
Bismark Border Guards batting - Pitching for San Diego Smashers : RHP Duane Carlson
Now at 1B: Bill Savage
Now in LF: Francisco Castillo
Batting: RHB Doug Williams 0-0: Ball
1-0: Called Strike
1-1: Ground out 5-3 (Groundball, 5S)
Batting: RHB Alejandro Ramos 0-0: Called Strike
0-1: Called Strike
0-2: Ball
1-2: Strikes out looking
Batting: RHB Aaron Holt 0-0: Fly out, F9 (Flyball, 89M)
Bottom of the 9th over - 0 run(s), 0 hit(s), 0 error(s), 0 left on base; San Diego 13 - Bismark 8
This league is powered by Out of the Park Baseball, the baseball management simulation game for PC, Mac and Linux
Tuesday, August 2nd, 2016 - OOTP Baseball 16.8 Build 38